 Dungeon Crawl Stone Soup version 0.31-a0-152-g6aa68a64a1 (webtiles) character file.

Game seed: 17148992061984615995

29 Pooter the Chopper (level 3, -1/33 HPs)
             Began as a Hill Orc Monk on June 10, 2023.
             Slain by Sigmund
             ... wielding a +0 scythe
              (7 damage)
             ... on level 2 of the Dungeon.
             The game lasted 00:07:11 (1398 turns).

Pooter the Chopper (Hill Orc Monk)                  Turns: 1398, Time: 00:07:12

Health: -1/33      AC:  6    Str: 15    XL:     3   Next: 16%
Magic:  3/3        EV: 10    Int: 10    God:
Gold:   130        SH:  0    Dex: 13    Spells: 2/2 levels left

rFire   . . .        a - +0 hand axe
rCold   . . .        (no shield)
rNeg    . . .        q - +0 scale mail
rPois   .            (no helmet)
rElec   .            (no cloak)
rCorr   .            (no gloves)
SInv    .            (no boots)
Will    .....        o - amulet of magic regeneration Stlth
                     (no ring)
HPRegen 0.25/turn    (no ring)
MPRegen 0.48/turn

%: no passive effects
@: no status effects
A: no striking features
a: no special abilities


You were on level 2 of the Dungeon.
You visited 1 branch of the dungeon, and saw 2 of its levels.

You collected 130 gold pieces.

Inventory:

Hand Weapons
 a - a +0 hand axe (weapon)
 b - a +0 sling
   (You found it on level 1 of the Dungeon)
Missiles
 e - 6 boomerangs (quivered)
 n - 4 poisoned darts
 Q - 16 stones
Armour
 d - an orb of light
 q - a +0 scale mail (worn)
   (You took it off a goblin on level 2 of the Dungeon)
Jewellery
 o - an amulet of magic regeneration (around neck)
   (You found it on level 2 of the Dungeon)
Scrolls
 h - a scroll of noise {unknown}
 i - a scroll of magic mapping {unknown}
 k - a scroll of amnesia {unknown}
 l - a scroll of blinking {unknown}
 p - a scroll of immolation {unknown}
Potions
 c - a potion of ambrosia
 f - a potion of might {unknown}
 j - 2 potions of brilliance {unknown}
 m - a potion of heal wounds {unknown}


   Skills:
 + Level 4.0 Fighting
 * Level 4.7 Axes
 * Level 1.1 Ranged Weapons
 - Level 2.4 Dodging
 - Level 0.4 Stealth


You had 2 spell levels left.
You didn't know any spells.
Your spell library was empty.

Dungeon Overview and Level Annotations

Branches:
Dungeon (2/15)

Altars:

Annotations:
D:2 Sigmund


Message History

You closely miss Sigmund. Sigmund closely misses you.
You hit Sigmund but do no damage. Sigmund hits you with a +0 scythe.
You closely miss Sigmund. You barely miss Sigmund.
Sigmund hits you but does no damage.
You hit Sigmund. Sigmund barely misses you.
You closely miss Sigmund. You hit Sigmund. Sigmund closely misses you.
You barely miss Sigmund. Sigmund barely misses you.
You hit Sigmund but do no damage. You closely miss Sigmund.
Sigmund closely misses you.
You hit Sigmund but do no damage. Sigmund casts a spell at you.
You resist with significant effort.
You closely miss Sigmund. Sigmund closely misses you.
You closely miss Sigmund. Sigmund closely misses you.
You closely miss Sigmund. You punch Sigmund. You closely miss Sigmund.
Sigmund closely misses you.
You closely miss Sigmund.
Sigmund whispers, "You'll know eternity soon."
Sigmund barely misses you.
You hit Sigmund but do no damage. You hit Sigmund.
Sigmund hits you with a +0 scythe.
You hit Sigmund. Sigmund hits you with a +0 scythe.
You barely miss Sigmund.
Sigmund gestures wildly while chanting.
Sigmund flickers and vanishes!
Deactivating autopickup; reactivate with Ctrl-A.
You hit something but do no damage.
You hear some strange, mumbled words.
A puff of flame appears from out of thin air!
The puff of flame hits you!
* * * LOW HITPOINT WARNING * * *
You hit something. Something hits you but does no damage.
You barely miss something. You miss something.
You hear some strange, mumbled words.
A puff of flame appears from out of thin air!
The puff of flame misses you.
Unknown command.
You miss something.
You hear some strange, mumbled words.
A puff of flame appears from out of thin air!
The puff of flame hits you!
* * * LOW HITPOINT WARNING * * *
You hit something. Something hits you but does no damage.
You hit something. Something hits you!
You die...

.♣....#.# ###.............P♣ ...
♣♣....#.# #....[..#♣.....♣##...
♣♣#####.# #.......##♣♣♣♣♣......
♣♣## #.# ###.###########......
♣♣.####.# #.#................
♣#...##.# #.#................
.@##..#.# #.#................
..###...# #.#.......)...##### ..#
##..# #.@................ ..#
#..# ###{..........#####
..####..####### #................
♣.##..@..†....# #...........#####
♣.''....#####.###................
♣♣##....# #...#....###.#.......
#....# ###.#....# #.........
......# #.#....# #..#######
♣##....# #$.....# #.. #


There were no monsters in sight!

Vanquished Creatures
  A dart slug (D:2)
  An endoplasm (D:1)
  A giant cockroach (D:2)
  4 hobgoblins (D:1)
  A kobold (D:1)
  3 ball pythons
  7 bats
  A frilled lizard (D:2)
  6 goblins
  2 rats
27 creatures vanquished.

Notes
Turn   | Place    | Note
-------+----------+-------------------------------------------
     0 | D:1      | Pooter the Hill Orc Monk began the quest for the Orb.
     0 | D:1      | Reached XP level 1. HP: 19/19 MP: 1/1
   309 | D:1      | Reached XP level 2. HP: 27/27 MP: 2/2
  1224 | D:2      | Reached skill level 1 in Ranged Weapons
  1236 | D:2      | Reached XP level 3. HP: 33/33 MP: 3/3
  1307 | D:2      | Noticed Sigmund
  1398 | D:2      | Slain by Sigmund

Illustrated notes

Levels and vault maps discovered:
D:1:      wander_arrival_peaceful_grave, layout_loops_ring,
          minmay_misc_feat_five
D:2:      layout_basic, serial_forest, infiniplex_forest_end_1,
          infiniplex_forest_clump_small, infiniplex_forest_lined_3,
          infiniplex_forest_straight_2, infiniplex_forest_lined_room_3,
          infiniplex_forest_zigzag_1, infiniplex_forest_clump_large,
          infiniplex_forest_fountain, uniq_sigmund, uniq_jessica

Skill      XL: |  1  2  3 |
---------------+----------+-----
Ranged Weapons | 1 |  1.1
Fighting       | 4 |  4.0
Axes           | |  4.7
Dodging        | |  2.4
Stealth        | |  0.4

Action                     || total
---------------------------++-------
  Melee: Hand axe          ||    83
         Punch             ||     1
   Fire: Sling             ||    44
   Stab: Sleeping          ||     2
 Armour: Robe              ||    11
         Scale mail        ||    19
  Dodge: Dodged            ||    57

Table legend: (Time is in decaauts)
 A = Elapsed time spent in this place.
 B = Non-inter-level travel time spent in this place.
 C = Inter-level travel time spent in this place.
 D = Time resting spent in this place.
 E = Time spent auto-exploring this place.
 F = Levels seen in this place.
 G = Mean time per level.
                   A        B        C        D        E       F      G
               +--------+--------+--------+--------+--------+-----+--------+
         Total |   1413 |   1393 |     20 |    428 |    627 |   2 |  706.5 |
       Dungeon |   1413 |   1393 |     20 |    428 |    627 |   2 |  706.5 |
               +--------+--------+--------+--------+--------+-----+--------+

Top non-repeatable levels by time:
     D:1: 914 daAuts
     D:2: 498 daAuts
